 Dungeon Crawl Stone Soup version 0.26.1-11-gd32895ea62 (webtiles) character file.

Game seed: 14267124620318425713

8 Zeld the Scratcher (level 2, -1/12 HPs)
             Began as a Felid Transmuter on June 10, 2021.
             Slain by a leopard gecko (5 damage)
             ... on level 1 of the Dungeon.
             The game lasted 00:00:39 (741 turns).

Zeld the Scratcher (Felid Transmuter)                Turns: 741, Time: 00:00:40

Health: -1/12      AC:  1    Str:  6    XL:     2   Next: 0%
Magic:  5/6        EV: 18    Int: 14    God:
Gold:   11         SH:  0    Dex: 16    Spells: 4/5 levels left
                                        Lives:  0   Deaths: 0

rFire    . . .     SeeInvis +     - Unarmed
rCold    . . .     Faith    .   (shield unavailable)
rNeg     . . .     Spirit   .   (armour unavailable)
rPois    .         Reflect  .   (helmet unavailable)
rElec    .         Harm     .   (cloak unavailable)
rCorr    .         Rampage  .   (gloves unavailable)
Will     .....                  (boots unavailable)
Stlth    ++........             (no amulet)
HPRegen  0.04/turn              (no ring)
MPRegen  0.10/turn              (no ring)

@: appendages, quick
A: very small, no armour, no weapons or thrown items, stealth, claws 1, fangs 3,
horns 2, see invisible, speed 1, shaggy fur 1, sharp paws
a: End Transformation


You were on level 1 of the Dungeon.
You had grown temporary horns.
You visited 1 branch of the dungeon, and saw 1 of its levels.

You collected 11 gold pieces.

Inventory:

Scrolls
 a - 2 scrolls of identify {unknown}
 c - a scroll of teleportation {unknown}
Potions
 b - a potion of curing {unknown}


   Skills:
 + Level 1.2 Fighting
 + Level 2.9 Dodging
 - Level 3.0 Unarmed Combat
 + Level 2.1 Spellcasting
 * Level 2.5 Transmutations


You had 4 spell levels left.
You knew the following spells:

 Your Spells              Type           Power        Failure   Level
a - Beastly Appendage     Tmut           16%          9%          1

Your spell library contained the following spells:

 Spells                   Type           Power        Failure   Level
 Wereblood                Tmut           8%           12%         2
 Spider Form              Tmut/Pois      2%           38%         3
 Ice Form                 Ice/Tmut       5%           80%         4
 Blade Hands              Tmut           4%           92%         5


Dungeon Overview and Level Annotations

Branches:
Dungeon (1/15)

Altars:


Innate Abilities, Weirdness & Mutations

You cannot wear armour.
You are incapable of wielding weapons or throwing items.
Your paws allow you to move quietly. (Stealth)
You have sharp claws.
You have razor-sharp teeth.
You have supernaturally acute eyesight. (SInv)
You cover ground quickly.
You are covered in fur. (AC +1)
Your sharp claws are effective at attacking unaware monsters.
You have a pair of horns on your head.


Message History

The kobold is severely wounded.
The leopard gecko closely misses you. The goblin barely misses you.
The kobold completely misses you.
You scratch the kobold.
You kill the kobold!
The leopard gecko bites you. The goblin hits you with a +0 club.
The leopard gecko barely misses you.
You have reached level 2!
Your transformation is almost over.
Your horns disappear.
Unknown command.
Casting: Beastly Appendage (safe; 9% risk of failure)
Confirm with . or Enter, or press ? or * to list all spells.
You grow a pair of large bovine horns.
The leopard gecko completely misses you.
You scratch the leopard gecko.
You headbutt the leopard gecko, but do no damage.
The leopard gecko is almost dead.
The leopard gecko bites you.
You die...

.g###.#.....#.#.# #### #.#
..#........#....# #.........##.#
#.#........#....# #.........##.#
.†#...g.....g...# #.........##.#
..........###.#####..>......##.#
..........#....g.##.........##.#
..........#....#.#.............##
....###+###....#l#...............
>...# #.#.##@#.....).....####
##### # #.#.##.#...........# #.
#.#.##.#..........(#
#.###.#.##.#.#########.####
#.....).......[............
###...#....#.#########.####
#....................#.#
#.#................#.#.#
#.########.#####...#.#.####


You could see a leopard gecko and a goblin.

Vanquished Creatures
  2 leopard geckos (D:1)
  A goblin (D:1)
  3 kobolds (D:1)
6 creatures vanquished.

Notes
Turn   | Place    | Note
-------+----------+-------------------------------------------
     0 | D:1      | Zeld the Felid Transmuter began the quest for the Orb.
     0 | D:1      | Reached XP level 1. HP: 9/9 MP: 4/4
   723 | D:1      | Reached XP level 2. HP: 4/12 MP: 4/6
   741 | D:1      | Slain by a leopard gecko

Illustrated notes

Levels and vault maps discovered:
D:1:      psy_arrival_radial02, layout_basic, minmay_pentomino_r2

Action                   || total
-------------------------++-------
Melee: Unarmed           ||    20
       Headbutt          ||     2
       Punch             ||     1
       Bite              ||     1
 Cast: Beastly Appendage ||     8
Dodge: Dodged            ||    22
